 Dungeon Crawl Stone Soup version 0.29.0-4-gdea44cf6ec (webtiles) character file.

Game seed: 8768654452820583505

62 qw the Chopper (level 4, -1/26 HPs)
             Began as a Tengu Warper on Aug 28, 2022.
             Slain by an iguana (4 damage)
             ... on level 3 of the Dungeon.
             The game lasted 00:00:15 (2492 turns).

qw the Chopper (Tengu Warper)                       Turns: 2492, Time: 00:00:16

Health: -1/26      AC:  8    Str: 13    XL:     4   Next: 8%
Magic:  8/8        EV:  6    Int: 14    God:
Gold:   147        SH:  5    Dex: 13    Spells: 7/7 levels left

rFire   . . .      SeeInvis .   Y - +0 hand axe
rCold   . . .      Faith    .   (no shield)
rNeg    . . .      Spirit   .   k - +0 chain mail
rPois   .          Reflect  +   (helmet restricted)
rElec   .          Harm     .   (no cloak)
rCorr   .          Rampage  .   (no gloves)
Will    .....                   (boots unavailable)
Stlth   ..........              g - amulet of reflection
HPRegen 0.08/turn               (no ring)
MPRegen 0.11/turn               (no ring)

@: no status effects
A: beak, talons 3
a: no special abilities


You were on level 3 of the Dungeon.
You visited 1 branch of the dungeon, and saw 3 of its levels.

You collected 147 gold pieces.


Innate Abilities, Weirdness & Mutations

You have a beak for a mouth.
You have claws for feet.


   Skills:
 - Level 2.0 Fighting
 + Level 4.7 Axes
 - Level 1.0 Throwing
 - Level 1.1 Armour
 - Level 2.1 Dodging
 - Level 2.0 Spellcasting
 - Level 2.4 Translocations


You had 7 spell levels left.
You didn't know any spells.
Your spell library contained the following spells:

 Spells                   Type           Power      Damage    Failure   Level
 Blink                    Tloc           16%        N/A       99%         2
 Gell's Gravitas          Tloc           8%         N/A       100%        3
 Lesser Beckoning         Tloc           8%         N/A       100%        3
 Teleport Other           Tloc           8%         N/A       100%        3
 Manifold Assault         Tloc           8%         N/A       100%        5

Inventory:

Hand Weapons
 b - a +0 whip
 Y - a +0 hand axe (weapon)
Armour
 k - a +0 chain mail (worn)
Jewellery
 g - an amulet of reflection (around neck)
Scrolls
 c - 2 scrolls of immolation {unknown}
 f - a scroll of teleportation {unknown}
 h - a scroll of silence {unknown}
 i - a scroll of poison {unknown}
Potions
 a - a potion of heal wounds {unknown}
 d - 2 potions of mutation {unknown}
 e - 2 potions of curing
 l - a potion of haste

Dungeon Overview and Level Annotations

Branches:
Dungeon (3/15)

Altars:

Annotations:
D:3 1 transporter


Message History

You hit the iguana but do no damage. Your kick misses the iguana.
You block the iguana's attack.
You barely miss the iguana. You claw the iguana, but do no damage.
You peck the iguana, but do no damage.
The iguana bites you but does no damage.
You closely miss the iguana. Your kick misses the iguana.
You block the iguana's attack.
You barely miss the iguana. You block the iguana's attack.
You hit the iguana but do no damage. The iguana closely misses you.
You barely miss the iguana. Your kick misses the iguana.
The iguana barely misses you.
You hit the iguana but do no damage. You claw the iguana.
The iguana is lightly wounded.
The iguana bites you but does no damage.
You closely miss the iguana. Your kick misses the iguana.
The iguana is lightly wounded.
The iguana bites you!
You hit the iguana but do no damage. You claw the iguana. You peck the iguana.
The iguana is heavily wounded.
The iguana bites you but does no damage.
You hit the iguana but do no damage.
The iguana is heavily wounded.
The iguana bites you!
You closely miss the iguana.
The iguana is heavily wounded.
The iguana bites you but does no damage.
You barely miss the iguana.
The iguana is heavily wounded.
The iguana barely misses you.
You hit the iguana. Your kick misses the iguana.
The iguana is severely wounded.
The iguana bites you but does no damage.
The iguana hisses menacingly.
The iguana completely misses you.
You barely miss the iguana. You claw the iguana.
The iguana is almost dead.
The iguana bites you.
You die...

#.#..........##
..............#
....#.......#.###
.......#....#...#
............###.#
.#.#.#......# #.#
##.#........#
#.##
#~.#........#
#..# #~....##..
##@# ~~~.
#.....l.# ~~#..
##..##### ~# #. #
~ #.


You could see an iguana.

Vanquished Creatures
  An adder (D:3)
  A worm (D:3)
  2 dart slugs
  5 ball pythons
  2 endoplasms
  2 giant cockroaches (D:2)
  6 goblins
  5 hobgoblins
  2 quokkas
  3 bats (D:2)
  4 frilled lizards
  5 kobolds
  5 rats
43 creatures vanquished.

Notes
Turn   | Place    | Note
-------+----------+-------------------------------------------
     0 | D:1      | qw the Tengu Warper began the quest for the Orb.
     0 | D:1      | Reached XP level 1. HP: 12/12 MP: 4/4
     0 | D:1      | 0 ||| qw: Version: 0.1-a-89-g26bdef1
     0 | D:1      | 0 ||| qw: Game counter: 2604
     0 | D:1      | 0 ||| qw: Always use a shield: true
     0 | D:1      | 0 ||| qw: God list: Okawaru
     0 | D:1      | 0 ||| qw: Allow faded altars: false
     0 | D:1      | 0 ||| qw: Do Orc after D:15 true
     0 | D:1      | 0 ||| qw: Do second Lair branch before Depths: true
     0 | D:1      | 0 ||| qw: Lair rune preference: random
     0 | D:1      | 0 ||| qw: Plans: Normal
     0 | D:1      | 0 ||| PLANNING D:1-11
   214 | D:1      | Found a faded altar of an unknown god.
   456 | D:1      | 456 ||| Stepping ~*~*~tactically~*~*~ (hiding).
   558 | D:1      | 558 ||| Stepping ~*~*~tactically~*~*~ (hiding).
   660 | D:1      | 660 ||| Stepping ~*~*~tactically~*~*~ (hiding).
   668 | D:1      | Reached skill level 3 in Axes
   668 | D:1      | Reached XP level 2. HP: 17/17 MP: 6/6
   994 | D:1      | 994 ||| UPGRADING to +0 ring mail.
  1004 | D:1      | 1004 ||| DROPPING +0 leather armour.
  1005 | D:1      | 1005 ||| UPGRADING to +0 chain mail.
  1015 | D:1      | 1015 ||| DROPPING +0 ring mail.
  1016 | D:1      | 1016 ||| UPGRADING to amulet of reflection.
  1021 | D:1      | 1021 ||| READING scroll labelled JOSELYHAEL.
  1022 | D:1      | 1022 ||| READING scroll labelled MIRCHI NUODO.
  1023 | D:1      | 1023 ||| DRINKING 2 fizzy cyan potions.
  1024 | D:1      | 1024 ||| DROPPING scroll of blinking.
  1096 | D:2      | 1096 ||| FLEEEEING.
  1097 | D:2      | 1097 ||| FLEEEEING.
  1099 | D:2      | 1099 ||| FLEEEEING.
  1330 | D:2      | 1330 ||| FLEEEEING.
  1331 | D:2      | 1331 ||| FLEEEEING.
  1332 | D:2      | 1332 ||| FLEEEEING.
  1333 | D:2      | 1333 ||| FLEEEEING.
  1334 | D:2      | 1334 ||| FLEEEEING.
  1335 | D:2      | 1335 ||| FLEEEEING.
  1336 | D:2      | 1336 ||| FLEEEEING.
  1337 | D:2      | 1337 ||| FLEEEEING.
  1340 | D:2      | 1340 ||| FLEEEEING.
  1341 | D:2      | 1341 ||| FLEEEEING.
  1342 | D:2      | 1342 ||| FLEEEEING.
  1343 | D:2      | 1343 ||| FLEEEEING.
  1344 | D:2      | 1344 ||| FLEEEEING.
  1345 | D:2      | 1345 ||| FLEEEEING.
  1357 | D:2      | 1357 ||| FLEEEEING.
  1358 | D:2      | 1358 ||| FLEEEEING.
  1359 | D:2      | 1359 ||| FLEEEEING.
  1360 | D:2      | 1360 ||| FLEEEEING.
  1361 | D:2      | 1361 ||| FLEEEEING.
  1362 | D:2      | 1362 ||| FLEEEEING.
  1363 | D:2      | 1363 ||| FLEEEEING.
  1364 | D:2      | 1364 ||| FLEEEEING.
  1365 | D:2      | 1365 ||| FLEEEEING.
  1368 | D:2      | 1368 ||| STAIRDANCE
  1400 | D:2      | 1400 ||| FLEEEEING.
  1401 | D:2      | 1401 ||| FLEEEEING.
  1402 | D:2      | 1402 ||| STAIRDANCE
  1444 | D:2      | 1444 ||| DROPPING +0 club.
  1472 | D:2      | 1472 ||| Stepping ~*~*~tactically~*~*~ (stealth).
  1474 | D:2      | 1474 ||| Stepping ~*~*~tactically~*~*~ (stealth).
  1479 | D:2      | Reached XP level 3. HP: 21/21 MP: 7/7
  1578 | D:2      | 1578 ||| Stepping ~*~*~tactically~*~*~ (stealth).
  1623 | D:2      | 1623 ||| FLEEEEING.
  1624 | D:2      | 1624 ||| FLEEEEING.
  1625 | D:2      | 1625 ||| FLEEEEING.
  1630 | D:2      | 1630 ||| STAIRDANCE
  1673 | D:1      | 1673 ||| READING scroll labelled ACVUINUDANT.
  1685 | D:2      | 1685 ||| Stepping ~*~*~tactically~*~*~ (stealth).
  1688 | D:2      | Reached skill level 4 in Axes
  1709 | D:2      | 1709 ||| Stepping ~*~*~tactically~*~*~ (stealth).
  1710 | D:2      | 1710 ||| Stepping ~*~*~tactically~*~*~ (stealth).
  1727 | D:2      | 1727 ||| Stepping ~*~*~tactically~*~*~ (stealth).
  1729 | D:2      | 1729 ||| Stepping ~*~*~tactically~*~*~ (stealth).
  2060 | D:2      | 2060 ||| READING scroll labelled ERRECR EPUBB.
  2061 | D:2      | 2061 ||| READING scroll labelled LEMMOREPUL.
  2185 | D:2      | 2185 ||| DRINKING 3 metallic clear potions.
  2197 | D:3      | 2197 ||| Stepping ~*~*~tactically~*~*~ (stealth).
  2198 | D:3      | 2198 ||| Stepping ~*~*~tactically~*~*~ (stealth).
  2199 | D:3      | 2199 ||| Stepping ~*~*~tactically~*~*~ (stealth).
  2205 | D:3      | 2205 ||| Stepping ~*~*~tactically~*~*~ (stealth).
  2265 | D:3      | Noticed a phantom
  2268 | D:3      | Found a transporter.
  2289 | D:3      | Reached XP level 4. HP: 19/26 MP: 8/8
  2488 | D:3      | HP: 3/26 [iguana (12)]
  2492 | D:3      | Slain by an iguana

Levels and vault maps discovered:
D:1:      ncdulo_smallfort, layout_rooms, shapermc_ecumenical_altar_gd,
          hangedman_decor_points, corexii_item_surrounded_by_moat
D:2:      layout_basic
D:3:      layout_rooms, ashenzari_conservatory_becter,
          gammafunk_ghost_mausoleum, chequers_serial_rivers_large_b,
          grunt_ministairs_6, cheibrodos_gnoll_hut

Skill      XL: |  1  2  3 |
---------------+----------+-----
Axes           | 3 4 |  4.7
Fighting       | |  2.0
Throwing       | |  1.0
Armour         | |  1.1
Dodging        | |  2.1
Spellcasting   | |  2.0
Translocations | |  2.4

Action                   |  1- 3 |  4- 6 || total
-------------------------+-------+-------++-------
Melee: Hand axe          |    90 |    17 ||   107
       Kick              |    24 |     5 ||    29
       Peck              |    10 |     3 ||    13
       Punch             |     1 |       ||     1
Throw: Boomerang         |     7 |       ||     7
  Use: Scroll            |     5 |       ||     5
       Potion            |     2 |       ||     2
Armor: Leather armour    |     3 |       ||     3
       Chain mail        |    37 |     5 ||    42
Dodge: Dodged            |    19 |     4 ||    23
Block: Other             |    15 |     6 ||    21
       Reflection        |     1 |       ||     1

Table legend:
 A = Non-vault XP
 B = Vault XP
 C = Vault XP percentage of total XP
 D = Non-vault monster count
 E = Vault monster count
 F = Vault count percentage of total count
                 A         B        C        D         E       F
            +---------+---------+-------+---------+---------+-------
      Total |      86 |       3 |   3.4 |      41 |       2 |   4.7
            +---------+---------+-------+---------+---------+-------
        D:1 |      15 |       0 |   0.0 |       8 |       0 |   0.0
        D:2 |      43 |       0 |   0.0 |      25 |       0 |   0.0
        D:3 |      28 |       3 |   9.7 |       8 |       2 |  20.0
            +---------+---------+-------+---------+---------+-------
